 Dungeon Crawl Stone Soup version 0.20.1-1-g8b1a95d (webtiles) character file.

20 letownia2 the Magician (level 2, -3/15 HPs)
             Began as a Gargoyle Wizard on Jan 2, 2018.
             Was an Initiate of Gozag.
             Slain by fladnag's ghost (11 damage)
             ... on level 4 of the Dungeon.
             The game lasted 00:02:55 (643 turns).

letownia2 the Magician (Gargoyle Wizard)             Turns: 643, Time: 00:02:56

Health: -3/15      AC:  7    Str: 10    XL:     2   Next: 79%
Magic:  6/6        EV: 11    Int: 18    God:    Gozag
Gold:   10         SH:  0    Dex:  8    Spells: 6/7 levels left

rFire    . . .     SeeInvis .   a - +0 dagger
rCold    . . .     Gourm    .   (no shield)
rNeg     + . .     Faith    .   g - +0 leather armour
rPois    ∞         Spirit   .   j - +1 hat
rElec    +         Reflect  .   (no cloak)
rCorr    .         Harm     .   k - +0 pair of gloves
MR       .....                  (no boots)
Stlth    +.........             (no amulet)
Regen    0.1/turn               (no ring)
MPRegen  0.1/turn               (no ring)

@: no status effects
A: negative energy resistance 1, electricity resistance, unbreathing,
petrification resistance, rot immunity, AC +2
a: Potion Petition, Call Merchant, Bribe Branch, Renounce Religion


You were on level 4 of the Dungeon.
You worshipped Gozag.
Gozag was noncommittal.
You were not hungry.

You visited 1 branch of the dungeon, and saw 4 of its levels.

You collected 52 gold pieces.
You paid 42 gold pieces to Gozag.

Inventory:

Hand Weapons
 a - a +0 dagger (weapon)
Armour
 b - a +0 hat
 g - a +0 leather armour (worn)
 j - a +1 hat (worn)
 k - a +0 pair of gloves (worn)
Scrolls
 e - 2 scrolls of enchant weapon {unknown}
 h - 2 scrolls of magic mapping {unknown}
 l - a scroll of recharging {unknown}
 n - a scroll of noise {unknown}
Potions
 f - a potion of degeneration {unknown}
Books
 c - a book of Minor Magic

   Spells                             Type                      Level
   a - Magic Dart                     Conjuration                  1
   b - Blink                          Translocation                2
   c - Call Imp                       Summoning                    2
   d - Slow                           Hexes                        2
   e - Conjure Flame                  Conjuration/Fire             3
   f - Mephitic Cloud                 Conjuration/Poison/Air       3
Comestibles
 d - 2 bread rations
 i - 2 fruits
 m - 2 chunks of flesh


   Skills:
 - Level 1.5 Dodging
 - Level 2.1 Stealth
 - Level 3.0 Spellcasting
 + Level 2.9 Conjurations
   Level 0.8 Summonings
   Level 0.8 Translocations


You had 6 spell levels left.
You knew the following spells:

 Your Spells              Type           Power        Failure   Level  Hunger
a - Magic Dart            Conj           ##..         6%          1    None


Dungeon Overview and Level Annotations

Branches:
Dungeon (4/15)
 Temple: D:4-7

Altars:
Gozag

Annotations:
D:4 fladnag's ghost, amateur MiBe


Innate Abilities, Weirdness & Mutations

You are resistant to torment.
Your stone body is resilient. (AC +2)
You are immune to poison.
You resist negative energy. (rN+)
You are resistant to electric shocks. (rElec)
You can survive without breathing.
You are immune to petrification.
You are immune to rotting.


Message History

Unknown command.
Okay, then.
An adder skeleton comes into view.
Found an opulent altar of Gozag.
There is a stone staircase leading up here.
Fladnag's ghost whispers, "Meet the emptiness of death!"
Fladnag's ghost shouts, "There is no future for me!"
Fladnag's ghost whispers, "Death is liberation."
There is an opulent altar of Gozag here.
You kneel at the altar of Gozag.
Gozag welcomes you!
You pay a service fee of 42 gold.
Gozag offers you a free set of potion effects!
Fladnag's ghost hits you!
Found 19 stones.
There is a stone staircase leading up here.
Fladnag's ghost hits you!
Ouch! That really hurt!
You die...
Your body crumbles into a pile of gold.

#.8...8.#
###.......###
#....._.....#
######.#.......#.#
#..(...#.8...8.#
#.....###.....## #
#....Z..###.### .#
#......## #..##.#
#......####@....#
###.....<.#W.####
####.##Z#Z.#
#.##.#..# #
#.......#
.....##.#..#
...........########
.###.####..........
## ##+.###..#


You could see fladnag's ghost and an adder skeleton.

Vanquished Creatures
  An adder (D:3)
  An orc (D:2)
  2 bats
  2 goblins (D:1)
  A hobgoblin (D:3)
  2 frilled lizards (D:2)
  A kobold (D:2)
10 creatures vanquished.

Notes
Turn   | Place    | Note
-------+----------+-------------------------------------------
     0 | D:1      | letownia2 the Gargoyle Wizard began the quest for the Orb.
     0 | D:1      | Reached XP level 1. HP: 10/10 MP: 4/4
   389 | D:3      | Reached XP level 2. HP: 15/15 MP: 0/6
   609 | D:4      | Noticed fladnag's ghost (amateur MiBe)
   616 | D:4      | Found an opulent altar of Gozag.
   624 | D:4      | Became a worshipper of Gozag Ym Sagoz the Greedy
   643 | D:4      | Slain by fladnag's ghost

Skill      XL: |  1 |
---------------+----+-----
Conjurations   | 2 |  2.9
Dodging        | |  1.5
Stealth        | |  2.1
Spellcasting   | |  3.0
Summonings     | |  0.8
Translocations | |  0.8

Action                   || total
-------------------------++-------
Melee: Unarmed           ||     4
       Dagger            ||     5
 Cast: Magic Dart        ||    21
Armor: Leather armour    ||     7
Dodge: Dodged            ||    11
